 Dungeon Crawl Stone Soup version 0.19.0-22-gd96e5fe (webtiles) character file.

98 smedtjen the Firebug (level 4, -2/34 HPs)
             Began as a Demigod Fire Elementalist on Nov 18, 2016.
             Slain by a hobgoblin
             ... wielding a +0 club
              (3 damage)
             ... on level 2 of the Dungeon.
             The game lasted 00:12:48 (3678 turns).

smedtjen the Firebug (Demigod Fire Elementalist)    Turns: 3678, Time: 00:12:49

Health: -2/34      AC:  3    Str: 11    XL:     4   Next: 21%
Magic:  0/10       EV: 13    Int: 21    God:
Gold:   27         SH:  0    Dex: 16    Spells: 2 memorised, 4 levels left

rFire  . . .     SeeInvis .     d - +0 short sword
rCold  . . .     Gourm    .     a - +0 robe
rNeg   . . .     Faith    .     (no shield)
rPois  .         Spirit   .     (no helmet)
rElec  .         Reflect  .     h - +0 cloak
rCorr  .         Harm     .     (no gloves)
MR     .....                    (no boots)
Stlth  ++........               (no amulet)
                                (no ring)
                                (no ring)

@: flying
A: high mp 1
a: no special abilities


You were on level 2 of the Dungeon.
You were not hungry.

You visited 1 branch of the dungeon, and saw 3 of its levels.

You collected 27 gold pieces.

Inventory:

Hand Weapons
 d - a +0 short sword (weapon)
Missiles
 n - 31 bolts
 o - 3 curare-tipped needles
Armour
 a - a +0 robe (worn)
 e - a +0 shield
 h - a +0 cloak (worn)
Scrolls
 f - a scroll of fog
Potions
 g - a potion of curing {unknown}
 l - a potion of heal wounds {unknown}
 q - a potion of haste {unknown}
Books
 b - a book of Flames

   Spells                             Type                      Level
   a - Flame Tongue                   Conjuration/Fire             1
   b - Throw Flame                    Conjuration/Fire             2
   c - Conjure Flame                  Conjuration/Fire             3
   d - Inner Flame                    Hexes/Fire                   3
   e - Sticky Flame                   Conjuration/Fire             4
   f - Fireball                       Conjuration/Fire             5
Comestibles
 c - a bread ration
 k - 3 fruits


   Skills:
 + Level 0.6 Fighting
 + Level 0.5 Short Blades
 + Level 2.0 Dodging
 + Level 2.0 Stealth
 + Level 2.3 Spellcasting
 + Level 1.3 Conjurations
 + Level 3.8 Fire Magic


You had 4 spell levels left.
You knew the following spells:

 Your Spells              Type           Power        Failure   Level  Hunger
a - Flame Tongue          Conj/Fire      ##...        6%          1    #......
b - Throw Flame           Conj/Fire      ##....       10%         2    ##.....


Dungeon Overview and Level Annotations

Branches:
Dungeon (3/15)

Annotations:
D:2 Ijyb


Innate Abilities, Weirdness & Mutations

You have an increased reservoir of magic. (+10% MP)


Message History

Casting: Flame Tongue
Confirm with . or Enter, or press ? or * to list all spells.
Aiming: Flame Tongue
Press: ? - help, Shift-Dir - straight line, f/p - Ijyb
Aim: Ijyb, wearing a chain mail (severely wounded)
The flame tongue hits Ijyb.
Ijyb is severely wounded.
The hobgoblin hits you with a club.
* * * LOW HITPOINT WARNING * * *
Ijyb hits you.
* * * LOW HITPOINT WARNING * * *
Casting: Flame Tongue
Confirm with . or Enter, or press ? or * to list all spells.
Aiming: Flame Tongue
Press: ? - help, Shift-Dir - straight line, f/p - Ijyb
Aim: Ijyb, wearing a chain mail (severely wounded)
The flame tongue hits Ijyb.
Ijyb is severely wounded.
The hobgoblin hits you with a club.
You die...

.##
##..#.#######.....######
###8 ## #......#
###........###._. #
#......# ####.......##..
# #......# ####....##⌠.
#.###### ########' #.#
##.... ##÷## ######..##.
##...#
##########......####
#..#.##
###.g@g......######
##..#..###...##########
##..###.......#
##..##.##..###.##
#..##...##..##..#
..##..#..'#.÷##.###
.##..#.#..##......#
##..#._.#..###....#
.##..#.#..##......#


You could see Ijyb and a hobgoblin.

Vanquished Creatures
  4 adders
  2 oozes (D:1)
  A worm (D:2)
  A dart slug (D:2)
  2 leopard geckos (D:1)
  6 bats
  A giant cockroach (D:2)
  3 goblins (D:1)
  5 hobgoblins
  6 jackals
  2 ball pythons (D:1)
  A frilled lizard (D:1)
  5 kobolds
  9 rats
  3 rat zombies (D:2)
51 creatures vanquished.

Notes
Turn   | Place    | Note
-------+----------+-------------------------------------------
     0 | D:1      | smedtjen the Demigod Fire Elementalist began the quest for the Orb.
     0 | D:1      | Reached XP level 1. HP: 14/14 MP: 5/5
   515 | D:1      | Reached skill level 3 in Fire Magic
   526 | D:1      | Reached XP level 2. HP: 20/20 MP: 2/7
   902 | D:1      | Reached skill level 1 in Conjurations
   918 | D:1      | Learned a level 2 spell: Throw Flame
  1654 | D:1      | Reached XP level 3. HP: 26/26 MP: 6/8
  2733 | D:2      | Reached XP level 4. HP: 19/34 MP: 1/10
  3067 | D:2      | Found a shimmering altar of Xom.
  3067 | D:2      | Found a white marble altar of Elyvilon.
  3211 | D:2      | Found an ancient bone altar of Kikubaaqudgha.
  3353 | D:2      | Found a glowing golden altar of the Shining One.
  3641 | D:3      | Noticed Ijyb
  3677 | D:2      | HP: 1/34 [Ijyb (3)]
  3678 | D:2      | Slain by a hobgoblin

Skill      XL: |  1  2  3  4 |
---------------+-------------+-----
Fire Magic     | 3 |  3.8
Conjurations   | 1 |  1.3
Spellcasting   | 2 |  2.3
Stealth        | 2 |  2.0
Dodging        | 2 |  2.0
Fighting       | |  0.6
Short Blades   | |  0.5

Action                   |  1- 3 |  4- 6 || total
-------------------------+-------+-------++-------
Melee: Short sword       |    21 |    23 ||    44
Throw: Throwing net      |       |     1 ||     1
 Cast: Flame Tongue      |    63 |    36 ||    99
       Throw Flame       |    13 |     3 ||    16
  Use: Scroll            |       |     8 ||     8
       Potion            |       |     1 ||     1
  Eat: Chunk             |     6 |     1 ||     7
       Pizza             |     1 |       ||     1
       Meat ration       |       |     1 ||     1
Armor: Robe              |    15 |    37 ||    52
Dodge: Dodged            |    61 |    81 ||   142
